 Dungeon Crawl Stone Soup version 0.28-a0-793-g31680bbd8b (webtiles) character file.

Game seed: 54605274846045767

1142 ytrimaz the Cutter (level 8, 25/60 HPs)
             Began as a Demonspawn Fighter on Nov 4, 2021.
             Was a Follower of Okawaru.
             Quit the game on level 5 of the Dungeon.
             The game lasted 00:05:03 (4701 turns).

ytrimaz the Cutter (Demonspawn Fighter)             Turns: 4701, Time: 00:05:04

Health: 25/60      AC:  7    Str: 17 (18) XL:     8   Next: 15%
Magic:  0/9        EV: 10    Int:  9 (10) God:    Okawaru [*.....]
Gold:   185        SH:  8    Dex: 10 (13) Spells: 7/7 levels left

rFire   + . .      SeeInvis .   a - +0 rapier
rCold   . . .      Faith    .   c - +0 buckler
rNeg    . . .      Spirit   +   b - +0 scale mail
rPois   .          Reflect  .   (helmet restricted)
rElec   .          Harm     .   (no cloak)
rCorr   .          Rampage  .   (no gloves)
Will    .....                   (no boots)
Stlth   ..........              f - amulet of guardian spirit
HPRegen 0.20/turn               k - ring of protection from fire
MPRegen 0.11/turn               (no ring)

@: no status effects
A: horns 1, large bone plates 1, (demonic guardian 1), ignite blood 1, low mp 1
a: Renounce Religion, Heroism


You were on level 5 of the Dungeon.
You worshipped Okawaru.
Okawaru was aware of your devotion.
You visited 2 branches of the dungeon, and saw 6 of its levels.

You collected 185 gold pieces.

Inventory:

Hand Weapons
 a - a +0 rapier (weapon)
Armour
 b - a +0 scale mail (worn)
 c - a +0 buckler (worn)
 e - a +0 leather armour
Jewellery
 f - an amulet of guardian spirit (around neck)
 k - a ring of protection from fire (left hand)
Wands
 d - a wand of iceblast (6)
Scrolls
 h - a scroll of teleportation


   Skills:
 * Level 4.2 Fighting
 * Level 5.9 Short Blades
 + Level 4.4 Armour
 * Level 3.0 Dodging
 - Level 4.0 Shields
 * Level 2.9 Invocations


You had 7 spell levels left.
You didn't know any spells.
Your spell library contained the following spells:

 Spells                   Type           Power      Damage    Failure   Level
 Sandblast                Erth           0%         2d4       78%         1
 Passwall                 Tmut/Erth      0%         N/A       89%         2
 Stone Arrow              Conj/Erth      0%         3d7       98%         3


Dungeon Overview and Level Annotations

Branches:
Dungeon (5/15)             Temple (1/1) D:4

Altars:
Ashenzari
Cheibriados
Dithmenos
Elyvilon
Fedhas
Gozag
Hepliaklqana
Okawaru
Qazlal
Ru
Sif Muna
Uskayaw
Vehumet
Wu Jian
Yredelemnul
Zin
The Shining One

Shops:
D:5 (


Innate Abilities, Weirdness & Mutations

You have a pair of small horns on your head.
You are partially covered in large bone plates. (SH +4)
((A weak demonic guardian rushes to your aid.))
Your demonic aura sometimes causes spilled blood to erupt in flames.
Your magical capacity is low. (-10% MP)


Message History

The troll is lightly wounded.
The troll bites you but does no damage. You block the troll's attack.
The troll claws you but does no damage.
You closely miss the troll.
The troll is lightly wounded.
The troll bites you. You block the troll's attack. x2
You hit the troll.
The troll is moderately wounded.
The troll is engulfed in blazing flames.
The troll bites you but does no damage. The troll claws you!
* * * LOW HITPOINT WARNING * * *
The troll claws you!
* * * LOW HITPOINT WARNING * * *
You feel much better.
The troll is engulfed in blazing flames.
The troll bites you!
* * * LOW HITPOINT WARNING * * *
You block the troll's attack. The troll barely misses you.
You feel much better.
The troll is engulfed in blazing flames.
The troll barely misses you. You block the troll's attack.
The troll claws you but does no damage.
You barely miss the troll.
The troll is almost dead.
The troll is engulfed in blazing flames.
You kill the troll!
Okawaru is honoured by your kill.
You feel your strength returning.
Your Dodging skill increases to level 3!
You have reached level 8!
You feel agile.
Your demonic ancestry asserts itself...
You feel the presence of a demonic guardian.
Are you sure you want to abandon this character and quit the game? (Confirm with "yes".)
Okay, then.
Unknown command.
Unknown command.
Unknown command.
Unknown command.
Unknown command.
Are you sure you want to abandon this character and quit the game? (Confirm with "yes".)

#...........# #...........#
#.. +...........+ #.#
#...........# #....# #.#
#...........# #...[# #.#
#...........# #....# #.#
#...........# #....# #.#
###'######### #....# #.#
#@# #....#
#.########.###########.....
#>..............<.......).T
#.#.......(##############.#
####.#.#####..# #########.#
#....#.# #..# #...T.....#
###....#.# #..# #T#########
#.+....#.# #..# #.#<#.....(
#.#....#.# #..# #.#.#.####.


There were no monsters in sight!

Vanquished Creatures
  A troll (D:5)
  A water moccasin (D:3)
  3 necrophages
  A centaur (D:4)
  A scorpion (D:4)
  An iron imp (D:3)
  4 hounds
  A jelly (D:5)
  2 orc priests (D:4)
  A killer bee zombie (D:5)
  2 hound skeletons (D:5)
  3 gnolls (D:4)
  4 adders
  A howler monkey skeleton (D:5)
  3 dart slugs
  4 orcs
  3 ball pythons
  9 endoplasms
  2 giant cockroaches
  8 goblins
  7 hobgoblins
  4 jackals (D:2)
  A quokka (D:1)
  5 bats
  A frilled lizard (D:1)
  6 kobolds
  2 rats (D:2)
81 creatures vanquished.

Notes
Turn   | Place    | Note
-------+----------+-------------------------------------------
     0 | D:1      | ytrimaz the Demonspawn Fighter began the quest for the Orb.
     0 | D:1      | Reached XP level 1. HP: 18/18 MP: 1/1
   143 | D:1      | Gained mutation: Your demonic aura sometimes causes spilled
                  | blood to erupt in flames. [demonic ancestry]
   143 | D:1      | Reached XP level 2. HP: 24/24 MP: 2/2
   158 | D:1      | Reached skill level 2 in Short Blades
   285 | D:1      | Found a faded altar of an unknown god.
   936 | D:1      | Gained mutation: You are partially covered in large bone
                  | plates. (SH +4) [demonic ancestry]
   936 | D:1      | Reached XP level 3. HP: 24/29 MP: 3/3
  1222 | D:2      | Reached skill level 1 in Dodging
  1847 | D:3      | Noticed a water moccasin
  1860 | D:3      | Killed a water moccasin
  1861 | D:3      | Reached skill level 3 in Short Blades
  1861 | D:3      | Gained mutation: You have a pair of small horns on your
                  | head. [demonic ancestry]
  1861 | D:3      | Reached XP level 4. HP: 26/35 MP: 1/4
  1861 | D:3      | Reached XP level 5. HP: 31/41 MP: 1/5
  2489 | D:3      | Found a snail-covered altar of Cheibriados.
  2527 | D:4      | Noticed a necrophage
  2546 | D:4      | Killed a necrophage
  2547 | D:4      | Reached skill level 4 in Short Blades
  2547 | D:4      | Reached XP level 6. HP: 38/47 MP: 4/6
  2871 | D:4      | Found an iron altar of Okawaru.
  3054 | D:4      | Became a worshipper of Warmaster Okawaru
  3159 | D:4      | Reached XP level 7. HP: 27/52 MP: 2/7
  3425 | D:4      | Reached skill level 1 in Invocations
  3579 | D:4      | Reached skill level 5 in Short Blades
  3652 | D:4      | Found a staircase to the Ecumenical Temple.
  3759 | Temple   | Entered the Ecumenical Temple
  3858 | D:5      | Entered Level 5 of the Dungeon
  3970 | D:5      | Noticed a troll
  3977 | D:5      | Gained mutation: You have hidden genetic defects. [potion
                  | of mutation]
  3977 | D:5      | Lost mutation: You have hidden genetic defects. [potion of
                  | mutation]
  3977 | D:5      | Gained mutation: Your magical capacity is low. (-10% MP)
                  | [potion of mutation]
  4533 | D:5      | Reached * piety under Okawaru
  4580 | D:5      | Found Ettips's Weapon Shoppe.
  4696 | D:5      | HP: 2/54 [troll (7)]
  4699 | D:5      | Killed a troll
  4700 | D:5      | Gained mutation: A weak demonic guardian rushes to your
                  | aid. [demonic ancestry]
  4700 | D:5      | Reached XP level 8. HP: 25/60 MP: 0/9
  4701 | D:5      | Quit the game

Illustrated notes

Levels and vault maps discovered:
D:1:      zaba_arrival_water, layout_basic, shapermc_ecumenical_altar_acropolis
D:2:      layout_loops_ring
D:3:      layout_rooms, chei_slow_surprise
D:4:      layout_rooms, mainiacjoe_overflow_surrounded_room,
          general_overflow_altar, minmay_temple_entry_butterflies
D:5:      layout_basic, serial_shops, nicolae_shop_waterfront
Temple:   zaba_magenta_temple

Skill      XL: |  1  2  3  4  5  6  7 |
---------------+----------------------+-----
Short Blades   | 2 3 4 5 |  5.9
Armour         | 3 4 |  4.4
Dodging        | 1 2 3 |  3.0
Shields        | 3 4 |  4.0
Invocations    | 2 |  2.9
Fighting       | 4 |  4.2

Action                   |  1- 3 |  4- 6 |  7- 9 || total
-------------------------+-------+-------+-------++-------
Melee: Rapier            |   131 |   104 |    97 ||   332
       Headbutt          |       |    19 |    14 ||    33
Throw: Throwing net      |     1 |       |       ||     1
  Use: Scroll            |     3 |       |     1 ||     4
       Potion            |     2 |     1 |     6 ||     9
Armor: Scale mail        |    72 |    39 |    35 ||   146
Dodge: Dodged            |    59 |    36 |    43 ||   138
Block: Buckler           |    60 |    49 |    43 ||   152

Table legend: (Time is in decaauts)
 A = Elapsed time spent in this place.
 B = Non-inter-level travel time spent in this place.
 C = Inter-level travel time spent in this place.
 D = Time resting spent in this place.
 E = Time spent auto-exploring this place.
 F = Levels seen in this place.
 G = Mean time per level.
                   A        B        C        D        E       F      G
               +--------+--------+--------+--------+--------+-----+--------+
         Total |   4719 |   4478 |    241 |    284 |   3400 |   6 |  786.5 |
       Dungeon |   4646 |   4423 |    223 |    284 |   3350 |   5 |  929.2 |
        Temple |     73 |     55 |     18 |      0 |     50 |   1 |   73.0 |
               +--------+--------+--------+--------+--------+-----+--------+

Top non-repeatable levels by time:
     D:4: 1513 daAuts
     D:1: 1070 daAuts
     D:2: 759 daAuts
     D:3: 717 daAuts
     D:5: 585 daAuts
  Temple: 73 daAuts
